 Dungeon Crawl Stone Soup version 0.17-a0-1887-g3e50df6 (webtiles) character file.

139036 derrpe the Pandemonic (level 17, -16/138 HPs)
             Began as a Merfolk Transmuter on Sept 24, 2015.
             Was a High Priest of Makhleb.
             Shot with an arrow of flame by a deep elf master archer (28 damage)
             ... on level 3 of the Elven Halls.
             The game lasted 02:53:21 (44964 turns).

derrpe the Pandemonic (Merfolk Transmuter)         Turns: 44964, Time: 02:53:23

Health: -16/138    AC: 20    Str: 17    XL:     17   Next: 27%
Magic:  33/38      EV: 23    Int: 27    God:    Makhleb [*****.]
Gold:   495        SH:  8    Dex: 18    Spells: 6 memorised, 15 levels left

rFire  . . .     SeeInvis +     a - +9 spear of Voemytox {speed, rN+ MP+9 Int+4}
rCold  + + .     Clarity  .     X - +4 ring mail "Ruank" {*Drain rPois rC+ Str+6}
rNeg   + . .     SustAt   .     e - +2 buckler
rPois  +         Gourm    .     G - +2 helmet "Giynn" {MR+++ Dex+4}
rElec  .         Spirit   .     F - +2 cloak {+Inv}
rCorr  .         Warding  .     j - +0 pair of gloves
rMut   .         Stasis   .     n - +2 pair of boots
MR     ++++.                    R - amulet of faith
Stlth  +.........               S - ring "Fugeskaf" {rC+ Int+4}
                                B - ring of see invisible

@: studying Unarmed Combat, incredibly resistant to hostile enchantments, very
unstealthy
A: change form in water, swift swim
a: Minor Destruction, Lesser Servant of Makhleb, Major Destruction, Greater
Servant of Makhleb, Renounce Religion, Evoke Invisibility


You were on level 3 of the Elven Halls.
You worshipped Makhleb.
Makhleb was extremely pleased with you.
You were not hungry.

You visited 5 branches of the dungeon, and saw 30 of its levels.
You also visited: Labyrinth.

You collected 3749 gold pieces.
You spent 3254 gold pieces at shops.

Inventory:

Hand weapons
 a - the +9 spear of Voemytox (weapon) {speed, rN+ MP+9 Int+4}
   (You bought it in a shop on level 2 of the Orcish Mines)

   Attacks with this weapon are significantly faster.
   It affects your intelligence (+4).
   It protects you from negative energy.
   It affects your magic capacity (+9).
 b - a +0 arbalest of freezing
Missiles
 o - 15 bolts of flame
 r - 90 bolts
 t - 8 poisoned arrows
 D - 16 bolts of frost
 T - 258 arrows
 V - 16 arrows of dispersal
 Y - 16 arrows of frost
Armour
 e - a +2 buckler (worn)
 j - a +0 pair of gloves (worn)
 n - a +2 pair of boots (worn)
 F - a +2 cloak of invisibility (worn)
 G - the +2 helmet "Giynn" (worn) {MR+++ Dex+4}
   (You bought it in a shop on level 8 of the Dungeon)

   It affects your dexterity (+4).
   It affects your resistance to hostile enchantments.
 X - the +4 ring mail "Ruank" (worn) {*Drain rPois rC+ Str+6}
   (You found it in a labyrinth)

   It affects your strength (+6).
   It protects you from cold.
   It protects you from poison.
   It causes draining when unequipped.
Jewellery
 h - the cursed necklace of Bloodlust {*Rage +Rage MR+ Str+2 Int-2 Slay+3 *Curse}
   (You took it off a deep elf sorcerer on level 3 of the Elven Halls)

   [amulet of rage]

   It affects your strength (+2).
   It affects your intelligence (-2).
   It affects your accuracy and damage with ranged weapons and melee attacks
   (+3).
   It affects your resistance to hostile enchantments.
   It lets you go berserk.
   It may make you go berserk in combat.
   It may re-curse itself when equipped.
   It has a curse placed upon it.
 l - the ring of Jeruasmuma {rC+ Str+5}
   (You found it on level 8 of the Lair of Beasts)

   [ring of protection from cold]

   It affects your strength (+5).
   It protects you from cold.
 m - an uncursed amulet of resist corrosion
 B - a ring of see invisible (left hand)
 R - an amulet of faith (around neck)
 S - the ring "Fugeskaf" (right hand) {rC+ Int+4}
   (You found it in a labyrinth)

   [ring of protection from cold]

   It affects your intelligence (+4).
   It protects you from cold.
Magical devices
 C - a wand of hasting (3)
Scrolls
 g - 6 scrolls of enchant armour
 i - 2 scrolls of recharging
 k - 6 scrolls of remove curse
 v - 3 scrolls of enchant weapon
 x - 4 scrolls of amnesia
 y - 8 scrolls of teleportation
 H - a scroll of fog
 I - 3 scrolls of identify
 M - a scroll of holy word
 Q - 2 scrolls of silence
 U - a scroll of summoning
Potions
 f - a potion of cure mutation
 q - a potion of might
 s - 2 potions of magic
 u - 6 potions of curing
 w - a potion of berserk rage
 A - a potion of haste
 L - 2 potions of flight
Books
 J - a manual of Unarmed Combat
Miscellaneous
 P - 2 phantom mirrors
Comestibles
 c - a beef jerky
 d - 11 bread rations {@e1}
 p - 6 royal jellies
 z - 10 meat rations {@e2}
 E - 28 fruits
 K - 4 chunks of flesh {@w0}


   Skills:
 + Level 13.7 Fighting
 + Level 2.8 Armour
 + Level 16.5 Dodging
 - Level 4.8 Shields
 * Level 15.9 Unarmed Combat
 * Level 8.2 Spellcasting
 - Level 8.0 Transmutations
   Level 6.7 Ice Magic
   Level 3.1 Poison Magic
 * Level 17.2 Invocations


You had 15 spell levels left.
You knew the following spells:

 Your Spells              Type           Power        Failure   Level  Hunger
a - Apportation           Tloc           ##........   12%         1    None
b - Confusing Touch       Hex            ##....       14%         2    None
d - Sticks to Snakes      Trmt           ######....   1%          2    None
e - Blink                 Tloc           N/A          14%         2    None
f - Blade Hands           Trmt           ######....   12%         5    ####...
g - Phase Shift           Tloc           ##........   99%         5    ####...


Dungeon Overview and Level Annotations

Branches:
Dungeon (11/15)            Temple (0/1) D:5            Lair (8/8) D:11
  Swamp (4/4) Lair:6        Snake (0/4) Lair:3        Slime (0/6) Lair:7
    Orc (4/4) D:11            Elf (3/3) Orc:3

Altars:
Ashenzari
Cheibriados
Fedhas
Gozag
Makhleb
Okawaru
Qazlal
Sif Muna
Trog
Vehumet
Yredelemnul
The Shining One
Beogh

Shops:
D:6 !   D:8 [[[(%   D:10 ([*   Orc:2 :[[(:   Orc:3 [   Orc:4 :([:*

Annotations:
Elf:2 3 runed doors


Message History

There is a large open door, spattered with blood here.
Things that are here:
a long sword x2 a scale mail You start resting.
Use which ability?
A demon appears!
You feel somewhat more hungry.
The deep elf master archer wields a longbow.
The deep elf master archer shoots an arrow of flame.
The arrow of flame hits you!! The arrow of flame burns you!
* * * LOW HITPOINT WARNING * * *
Unknown command.
The deep elf master archer shoots an arrow of flame.
The arrow of flame hits you!
* * * LOW HITPOINT WARNING * * *
The arrow of flame burns you.
* * * LOW HITPOINT WARNING * * *
The deep elf master archer shoots an arrow of flame.
The arrow of flame hits you!!
You die...

..## *,,,,*##.........##*,,,,*
...## *,,***#......|ยง...#,**,,*
....## *,***,,,,,*#?#*,,,,,,**,*
.....###*,*,,,,,***#.#***,,,,,,,*
.....'.#*,,,,,*** #.# ***,,,,,*
.....###*,,,*## #.# ***,,,*
.....# *,***#.# #.# ***,*
.)...###*** #.## #)# ***
.....#.##### ###@###)###### ####
...........###..#(#)......# #..#
.................2e).)....####..#
...............)))).......'......
............'...###.......#####.#
............'...# #.......# #.#
...........###..# ##......# #.#
..........## #..# ##.....# #.#
##'####.'## #..# #'##### #.#


You could see a deep elf master archer and a friendly green death.

Vanquished Creatures
  A deep elf blademaster (Elf:3)
  A thorn hunter (Swamp:1)
  Donald (Swamp:1)
  4 deep elf sorcerers (Elf:3)
  Nessos (Lair:6)
  4 deep elf demonologists (Elf:3)
  3 deep elf annihilators (Elf:3)
  An ettin (Orc:4)
  A deep elf death mage (Elf:1)
  A fire dragon (Lair:5)
  An ice dragon (shapeshifter) (Elf:1)
  5 death yaks (Lair:8)
  5 hydras
  A catoblepas (Lair:8)
  A dancing weapon (Elf:2)
  An ogre mage (Orc:4)
  A deep troll shaman (Lair:8)
  11 deep elf knights
  8 alligators
  Urug (Lair:3)
  2 swamp dragons
  2 spriggan druids
  2 shambling mangroves
  5 deep elf summoners
  An ice statue (Elf:1)
  Pikel (D:6)
  A lindwurm (Lair:8)
  3 hill giants
  An orc knight (Orc:3)
  7 deep elf conjurers
  2 deep trolls (Orc:4)
  2 griffons
  A necromancer (Elf:1)
  21 elephants
  A hornet (Swamp:1)
  An orc sorcerer (Orc:2)
  2 cyclopes (Orc:4)
  3 black mambas
  9 spiny frogs
  6 komodo dragons
  7 deep elf priests
  A polar bear (Lair:6)
  A queen bee (Lair:3)
  9 trolls
  23 blink frogs
  6 slime creatures
  A fire drake (Lair:5)
  Prince Ribbit (D:8)
  5 bog bodies
  3 giant leeches
  8 two-headed ogres
  A boulder beetle (Lair:8)
  4 shadows
  A trapdoor spider (D:11)
  31 yaks
  5 basilisks
  10 deep elf magi
  4 spriggans
  Grum (D:8)
  15 swamp worms
  17 vampire mosquitoes
  9 hippogriffs
  10 deep elf fighters
  2 wargs (Orc:2)
  10 wolves
  16 insubstantial wisps
  Edmund (D:4)
  A hungry ghost (D:8)
  12 water moccasins
  3 large abominations (Elf:1)
  5 swamp drakes
  Duvessa (D:4)
  4 ice beasts
  18 orc warriors
  10 porcupines
  5 wasps
  3 black bears
  4 sky beasts
  5 centaurs
  23 ogres
  3 big kobolds
  15 crocodiles
  6 elf zombies (Elf:1)
  13 giant frogs
  Dowan (D:4)
  2 scorpions (D:10)
  17 killer bees (Lair:3)
  A water moccasin skeleton (D:10)
  4 wights (D:10)
  An electric eel (Lair:5)
  2 giant frog zombies
  19 orc priests
  9 jellies
  3 centaur skeletons
  2 gnoll shamans
  A crimson imp (D:9)
  5 hounds
  2 polar bear simulacra (Lair:2)
  Natasha (thrice) (D:4)
  8 iguanas
  27 orc wizards
  6 hell rats
  8 worker ants
  5 wolf simulacra (Lair:2)
  4 sheep
  A hound zombie (D:10)
  A worker ant zombie (D:5)
  8 gnolls
  10 adders
  24 river rats
  2 shadow imps
  An adder skeleton (D:8)
  2 worms
  10 giant geckos
  176 orcs
  A ball python (D:1)
  5 giant cockroaches
  5 hobgoblins
  4 quokkas
  5 bats
  4 giant newts
  9 goblins
  15 jackals
  A jackal skeleton (D:5)
  18 kobolds
  5 rats
  2 river rat simulacra (Lair:2)
  2 crawling corpses (Elf:3)
900 creatures vanquished.

Vanquished Creatures (collateral kills)
  Rupert (Orc:4)
  An acid blob (Lair:7)
  A thorn hunter (Swamp:2)
  Kirke (Lair:8)
  Maud (Orc:2)
  A deep elf sorcerer (Elf:3)
  2 deep elf annihilators (Elf:3)
  A deep elf demonologist (Elf:3)
  A minotaur (Lab)
  9 hydras
  A ghost crab (Swamp:3)
  A death yak (Lair:8)
  An alligator (Swamp:1)
  Sonja (Orc:4)
  A spriggan druid (Swamp:2)
  A necromancer (Lair:2)
  2 orc knights
  2 deep elf conjurers
  An orc sorcerer (Orc:2)
  A hornet (shapeshifter) (Elf:1)
  3 griffons
  A black mamba (Lair:8)
  Maurice (Orc:2)
  23 elephants
  A spiny frog (Lair:5)
  3 fire drakes (Lair:7)
  4 komodo dragons
  A giant leech (Swamp:1)
  A polar bear (Lair:8)
  9 blink frogs
  Grinder (D:5)
  3 slime creatures (Swamp:1)
  A bog body (Swamp:2)
  2 boulder beetles (Lair:8)
  A two-headed ogre (Orc:3)
  8 basilisks
  A deep elf mage (Elf:3)
  9 yaks
  4 wyverns
  10 hippogriffs
  3 vampire mosquitoes
  4 wolves
  2 porcupines
  A swamp worm (Swamp:1)
  A warg (Orc:1)
  5 orc warriors
  A water moccasin (Lair:7)
  A wasp (Swamp:3)
  An ogre (D:7)
  A sky beast (D:11)
  4 crocodiles
  3 giant frogs
  An earth elemental (Lab)
  2 killer bees (Lair:3)
  3 electric eels
  6 jellies (Lair:7)
  12 orc wizards
  An iguana (Lair:2)
  6 orc priests
  A polar bear simulacrum (Lair:2)
  3 sheep (Lair:7)
  3 gnolls (D:7)
  An adder (D:8)
  5 river rats
  An ooze (Lair:7)
  46 orcs
  A giant newt (D:7)
  A river rat simulacrum (Lair:2)
  A plant (Lair:7)
239 creatures vanquished.

Vanquished Creatures (others)
  An ogre mage (Orc:4)
  A hornet (Swamp:1)
  2 slime creatures (Swamp:3)
  A deep elf mage (Elf:3)
  5 humans (Lair:8)
  A swamp worm (Swamp:3)
  A crocodile (Lair:8)
  An orc wizard (D:7)
  A worker ant zombie (D:6)
  3 river rats (Lair:6)
  59 fungi
  21 plants
  10 toadstools
107 creatures vanquished.

Grand Total: 1246 creatures vanquished

Notes
Turn   | Place    | Note
--------------------------------------------------------------
     0 | D:1      | derrpe the Merfolk Transmuter began the quest for the Orb.
     0 | D:1      | Reached XP level 1. HP: 15/15 MP: 3/3
    92 | D:1      | Reached XP level 2. HP: 21/21 MP: 5/5
   885 | D:1      | Reached skill level 4 in Transmutations
   908 | D:1      | Reached XP level 3. HP: 23/26 MP: 6/6
  1137 | D:1      | Learned a level 3 spell: Spider Form
  1834 | D:2      | Found a glowing golden altar of the Shining One.
  2356 | D:2      | Reached skill level 1 in Poison Magic
  2356 | D:2      | Reached XP level 4. HP: 32/32 MP: 3/7
  2530 | D:3      | Found a burning altar of Makhleb.
  2602 | D:3      | Became a worshipper of Makhleb the Destroyer
  3159 | D:4      | Found a shattered altar of Ashenzari.
  3182 | D:4      | Found a deep blue altar of Sif Muna.
  3218 | D:4      | Noticed an ogre
  3229 | D:4      | Noticed Natasha
  3234 | D:4      | Noticed Edmund
  3234 | D:4      | Killed an ogre
  3234 | D:4      | Reached skill level 5 in Transmutations
  3234 | D:4      | Reached XP level 5. HP: 23/37 MP: 5/8
  3245 | D:4      | Killed Natasha
  3254 | D:4      | Noticed Natasha
  3258 | D:4      | Killed Natasha
  3275 | D:4      | Killed Edmund
  3275 | D:4      | Reached skill level 5 in Dodging
  3275 | D:4      | Reached skill level 6 in Transmutations
  3275 | D:4      | Reached XP level 6. HP: 12/43 MP: 6/9
  3480 | D:4      | Acquired Makhleb's first power
  3600 | D:4      | Reached skill level 7 in Transmutations
  3807 | D:4      | Learned a level 4 spell: Ice Form
  3877 | D:4      | Found a basalt altar of Yredelemnul.
  3993 | D:4      | Noticed Dowan
  4003 | D:4      | Noticed Duvessa
  4016 | D:4      | Killed Duvessa
  4016 | D:4      | Reached skill level 1 in Ice Magic
  4016 | D:4      | Reached XP level 7. HP: 30/48 MP: 7/10
  4017 | D:4      | Killed Dowan
  4314 | D:4      | Noticed an ogre
  4321 | D:4      | Killed an ogre
  4335 | D:4      | Noticed a centaur
  4346 | D:4      | Killed a centaur
  4426 | D:4      | Found an opulent altar of Gozag.
  4526 | D:4      | Noticed Natasha
  4534 | D:4      | Killed Natasha
  4699 | D:5      | Entered Level 5 of the Dungeon
  4764 | D:5      | Learned a level 2 spell: Sticks to Snakes
  4852 | D:5      | Reached skill level 5 in Unarmed Combat
  4852 | D:5      | Reached XP level 8. HP: 57/57 MP: 8/11
  5264 | D:5      | Noticed Grinder
  5280 | D:5      | Killed Grinder
  5280 | D:5      | Acquired Makhleb's second power
  5706 | D:5      | Found a staircase to the Ecumenical Temple.
  5978 | D:6      | Found Dounee Relan's Distillery.
  5981 | D:6      | Bought 2 potions of curing for 78 gold pieces
  6014 | D:6      | Noticed Pikel
  6369 | D:6      | Killed Pikel
  6369 | D:6      | Reached XP level 9. HP: 60/65 MP: 9/12
  6794 | D:6      | Reached skill level 8 in Dodging
  6825 | D:6      | Found a blossoming altar of Fedhas.
  6826 | D:6      | Found a stormy altar of Qazlal.
  7152 | D:7      | Acquired Makhleb's third power
  7336 | D:7      | Reached skill level 5 in Ice Magic
  7374 | D:7      | Acquired Makhleb's fourth power
  7496 | D:7      | Reached skill level 5 in Fighting
  7536 | D:7      | Gained mutation: You are robust (+10% HP). [mutagenic meat]
  7537 | D:7      | Gained mutation: You are partially covered in rough black scales (AC +4, Dex -1). [mutagenic meat]
  8332 | D:8      | Found a radiant altar of Vehumet.
  8340 | D:8      | Found Ziakky Fareu's Armour Boutique.
  8348 | D:8      | Found Plog's Weapon Emporium.
  8378 | D:8      | Found a snail-covered altar of Cheibriados.
  8382 | D:8      | Noticed Grum
  8416 | D:8      | Reached skill level 9 in Dodging
  8416 | D:8      | Reached XP level 10. HP: 32/81 MP: 7/13
  8427 | D:8      | Killed Grum
  8713 | D:8      | Acquired Makhleb's fifth power
  8891 | D:8      | Noticed Prince Ribbit
  9029 | D:8      | Found Muwuonis's Antique Armour Shoppe.
  9097 | D:8      | Found Zyep's Food Shop.
  9474 | D:8      | Found an iron altar of Okawaru.
  9475 | D:8      | Found a bloodstained altar of Trog.
  9558 | D:8      | Found Zeocaesi's Armour Boutique.
  9633 | D:8      | Killed Prince Ribbit
  9829 | D:9      | Reached skill level 1 in Invocations
 10599 | D:9      | Reached skill level 10 in Unarmed Combat
 10637 | D:10     | Entered Level 10 of the Dungeon
 10637 | D:10     | Found Gavesax's Antique Weapon Shoppe.
 10657 | D:10     | Found Inuwim's Armour Shop.
 10769 | D:10     | Noticed a hill giant
 11282 | D:10     | Found Cenaof's Assorted Antiques.
 11625 | D:10     | Killed a hill giant
 11625 | D:10     | Reached skill level 10 in Dodging
 11625 | D:10     | Reached XP level 11. HP: 91/91 MP: 7/14
 12044 | D:11     | Found a staircase to the Lair.
 12055 | D:11     | Reached skill level 1 in Shields
 13065 | D:11     | Learned a level 1 spell: Apportation
 13068 | D:11     | Learned a level 2 spell: Blink
 13220 | D:11     | Found a staircase to the Orcish Mines.
 13276 | Lair:1   | Entered Level 1 of the Lair of Beasts
 13405 | Lair:1   | Noticed a four-headed hydra
 13414 | Lair:1   | Reached skill level 5 in Invocations
 13765 | Orc:1    | Entered Level 1 of the Orcish Mines
 14734 | Orc:2    | Noticed an orc knight
 15089 | Orc:1    | Killed an orc knight
 15267 | Orc:2    | Found a roughly hewn altar of Beogh.
 15948 | Orc:2    | Noticed Maurice
 15963 | Orc:2    | Found Huygraix's Book Emporium.
 15991 | Orc:2    | Killed Maurice
 16149 | Orc:2    | Noticed Maud
 16164 | Orc:2    | HP: 2/92 [Maud/great sword of electrocution (7)]
 16477 | Orc:2    | Found Laori's Armour Shoppe.
 16673 | Orc:2    | Killed Maud
 16702 | Orc:2    | Found Ahazximm's Weapon Emporium.
 16713 | Orc:2    | Found Ewkiec's Antique Armour Emporium.
 16714 | Orc:2    | Bought the +9 spear of Voemytox {speed, rN+ MP+9 Int+4} for 1030 gold pieces
 16721 | Orc:2    | Bought a runed helmet for 108 gold pieces
 18019 | Orc:2    | Found Onirow's Book Shop.
 18112 | Orc:4    | Entered Level 4 of the Orcish Mines
 18112 | Orc:4    | Found Miss's Book Boutique.
 18119 | Orc:4    | Noticed Sonja
 18279 | Orc:4    | Noticed an orc knight
 18295 | Orc:3    | Killed an orc knight
 18295 | Orc:3    | Reached XP level 12. HP: 76/101 MP: 17/17
 18518 | Orc:3    | Found Hulu's Armour Shoppe.
 18522 | Orc:3    | Found a staircase to the Elven Halls.
 18776 | Orc:4    | Reached skill level 11 in Unarmed Combat
 18926 | Orc:4    | Killed Sonja
 19278 | Orc:4    | Noticed Rupert
 19300 | Orc:4    | Killed Rupert
 19330 | Orc:4    | Noticed an orc knight
 19392 | Orc:3    | Killed an orc knight
 19826 | Orc:4    | Found Woadd's Assorted Antiques.
 19828 | Orc:4    | Noticed a hill giant
 19893 | Orc:4    | Noticed an ogre mage
 19903 | Orc:4    | Killed an ogre mage
 20020 | Orc:4    | Noticed an ogre mage
 20395 | Orc:4    | Killed an ogre mage
 20448 | Orc:4    | Noticed a deep troll
 20469 | Orc:4    | Killed a deep troll
 20528 | Orc:4    | Noticed a deep troll
 20541 | Orc:4    | Reached skill level 10 in Invocations
 20834 | Orc:4    | Killed a deep troll
 20834 | Orc:4    | Reached skill level 12 in Dodging
 21127 | Orc:4    | Noticed an ettin
 21170 | Orc:4    | Killed an ettin
 21177 | Orc:4    | Killed a hill giant
 21177 | Orc:4    | Reached XP level 13. HP: 111/111 MP: 20/21
 21454 | Orc:4    | Found Ommocam's Armour Shop.
 21596 | Orc:4    | Found Giakhott's Book Emporium.
 21615 | Orc:4    | Found Boami's Antique Weapon Shoppe.
 22073 | Lair:1   | Killed a four-headed hydra
 23016 | Lair:2   | Reached skill level 10 in Fighting
 23020 | Lair:2   | Reached skill level 13 in Dodging
 24000 | Lair:3   | Found a staircase to the Snake Pit.
 24025 | Lair:3   | Noticed Urug
 24044 | Lair:3   | Killed Urug
 25943 | Lair:4   | Reached XP level 14. HP: 124/124 MP: 23/23
 26081 | Lair:4   | Reached skill level 14 in Dodging
 27390 | Lair:5   | Got a polished leather armour
 27405 | Lair:5   | Identified the cursed +1 leather armour of Ulovvele {Dex+7} (You found it on level 5 of the Lair of Beasts)
 27883 | Lair:6   | Found a staircase to the Swamp.
 28047 | Lair:6   | Learned a level 5 spell: Blade Hands
 28072 | Lair:6   | Found a dark tunnel.
 28084 | Lair:6   | Found a labyrinth entrance.
 28093 | Lab      | Entered a labyrinth
 29905 | Lab      | Got a crude marble ring
 29917 | Lab      | Got a steaming trident
 29917 | Lab      | Got a sapphire-encrusted ring mail
 29926 | Lab      | Identified the +3 trident of Mourning {pain, rElec rN+ Dex+3} (You found it in a labyrinth)
 29951 | Lair:6   | Identified the ring "Fugeskaf" {rC+ Int+4} (You found it in a labyrinth)
 29970 | Lair:6   | Identified the +4 ring mail "Ruank" {*Drain rPois rC+ Str+6} (You found it in a labyrinth)
 31170 | Lair:6   | Noticed Nessos
 31174 | Lair:6   | Noticed a cacodemon
 31175 | Lair:6   | Gained mutation: Scrolls take you a little longer to read. [a cacodemon]
 31204 | Lair:6   | Killed a cacodemon
 31216 | Lair:6   | Killed Nessos
 31529 | Lair:6   | Lost mutation: Scrolls take you a little longer to read. [potion of cure mutation]
 31529 | Lair:6   | Lost mutation: You are robust (+10% HP). [potion of cure mutation]
 31529 | Lair:6   | Lost mutation: You are partially covered in rough black scales (AC +4, Dex -1). [potion of cure mutation]
 31883 | Lair:7   | Reached skill level 15 in Dodging
 32287 | Lair:7   | Noticed an acid blob
 32300 | Lair:7   | Killed an acid blob
 32300 | Lair:7   | Reached skill level 15 in Invocations
 32609 | Lair:7   | Reached XP level 15. HP: 102/122 MP: 26/26
 33010 | Orc:2    | Bought a manual of Unarmed Combat for 1545 gold pieces
 33399 | Lair:7   | Found a staircase to the Slime Pits.
 33523 | Lair:8   | Entered Level 8 of the Lair of Beasts
 34083 | Lair:8   | Noticed Kirke
 34094 | Lair:8   | Killed Kirke
 35160 | Lair:8   | Got a smoking ivory ring
 35164 | Lair:8   | Identified the ring of Jeruasmuma {rC+ Str+5} (You found it on level 8 of the Lair of Beasts)
 35466 | Swamp:1  | Entered Level 1 of the Swamp
 35543 | Swamp:1  | Noticed a thorn hunter
 35561 | Swamp:1  | Killed a thorn hunter
 35935 | Swamp:1  | Reached skill level 5 in Spellcasting
 36250 | Swamp:1  | Learned a level 5 spell: Phase Shift
 36274 | Swamp:1  | Noticed Donald
 36285 | Swamp:1  | Killed Donald
 37478 | Swamp:2  | Reached skill level 16 in Invocations
 37603 | Swamp:2  | Noticed a thorn hunter
 37606 | Swamp:2  | Killed a thorn hunter
 37606 | Swamp:2  | Reached XP level 16. HP: 73/130 MP: 28/28
 38687 | Swamp:3  | Learned a level 2 spell: Confusing Touch
 39724 | Swamp:4  | Entered Level 4 of the Swamp
 39976 | Swamp:4  | Noticed a thorn hunter
 40592 | D:11     | Noticed a hill giant
 40608 | D:11     | Killed a hill giant
 40807 | D:8      | Bought the +2 helmet "Giynn" {MR+++ Dex+4} for 493 gold pieces
 41196 | Elf:1    | Entered Level 1 of the Elven Halls
 41426 | Elf:1    | Reached skill level 1 in Armour
 42175 | Elf:1    | Identified Khufu's Compendium of Darkness
 42261 | Elf:1    | Reached skill level 15 in Unarmed Combat
 42426 | Elf:1    | Identified the Handbook of Gliding Intoxication
 42709 | Elf:2    | Found a runed gate.
 42738 | Elf:2    | Found a runed gate.
 42738 | Elf:2    | Found a runed gate.
 43242 | Elf:3    | Entered Level 3 of the Elven Halls
 43246 | Elf:3    | Identified a +8 rod of the swarm (11/11) (You found it on level 1 of the Elven Halls)
 43860 | Elf:3    | Noticed a deep elf blademaster
 43870 | Elf:3    | Killed a deep elf blademaster
 43878 | Elf:3    | Reached XP level 17. HP: 111/137 MP: 29/29
 43890 | Elf:3    | Reached skill level 17 in Invocations
 43965 | Elf:3    | Noticed a deep elf blademaster
 43988 | Elf:3    | Noticed a Hell Sentinel
 43995 | Elf:3    | a deep elf blademaster (ally) was killed
 44946 | Elf:3    | Noticed a deep elf master archer
 44964 | Elf:3    | Shot with an arrow of flame by a deep elf master archer

Vault maps used:
D:1:      ldierk_water_garden, corexii_item_surrounded_by_moat,
          grunt_decor_resistance, corexii_hall_statues_x
D:2:      lemuel_coloured_pillars_altar, minmay_strange_pillars
D:3:      first_bread, grunt_ministairs_10, bloody_makhleb
D:4:      nicolae_overflow_quartered_altars, hangedman_feature_mirror,
          uniq_edmund, uniq_natasha, uniq_duvessa
D:5:      minmay_temple_entry_fiery, nrook_pool_corridor,
          minmay_misc_feat_more_columns, uniq_grinder
D:6:      grunt_temple_overflow_forces_of_nature, serial_shops,
          nicolae_shop_window_shopping, uniq_pikel
D:8:      grunt_temple_overflow_bloody_war, vehumet_crystals,
          nicolae_overflow_crystal_walls, serial_shops, shop, shop, shop, shop,
          shop, uniq_grum, uniq_prince_ribbit1
D:10:     serial_shops, shop_coins, shop, nicolae_shop_crystal
D:11:     david_lair_generic, orc_0_dummy
Lair:1:   st_stairs_3
Lair:2:   eino_house_with_fridge
Lair:3:   dummy_snake_entry, special_room, uniq_urug
Lair:4:   mu_elephants_graveyard, nicolae_quartered_pool_medium,
          grunt_forest_small_clearing_treed, serial_bayou_shore_a
Lair:5:   dragon1_lemuel, serial_bayou, serial_bayou_pond_d,
          serial_bayou_pond_a, serial_bayou_pond_e, serial_bayou_ford_a,
          fungi_pond_lemuel
Lair:6:   minmay_swamp_entry_eels, nicolae_volcano_entry_hallway,
          lab_entry_generic, nicolae_quartered_pool_super, uniq_nessos
Lair:7:   beast_lair_carwin_large_3, minmay_slime_entry_jelly_boxes,
          special_room, patterned_corridor, infiniplex_staircase_pool
Lair:8:   grunt_lair_end_beastmaster, lemuel_fruit_tree, uniq_kirke
Swamp:1:  cheibrodos_swamp_tower_of_moss, evilmike_swamp_ruin_house_2,
          swamp_pool4, infiniplex_staircase_pool_2, uniq_donald
Swamp:2:  hangedman_swamp_pad
Swamp:3:  nicolae_swamp_orc_logging_accident, swamp_pool4
Swamp:4:  swamp_old_school, swamp_pool2
Orc:2:    basic_altar, serial_shops, shop_statue, shop, nicolae_shop_waterfront,
          shop, nicolae_shop_trees, uniq_maud, uniq_maurice
Orc:3:    serial_shops, shop, nicolae_orc_pool_cavern
Orc:4:    st_orc_open, serial_shops, shop, uniq_rupert, uniq_sonja
Elf:1:    minmay_elf_necromancy, minivault_15
Elf:2:    spider_trap, corexii_hall_statues_l, fountainhead
Elf:3:    elf_hall
Lab:      nicolae_lab_quarters, nicolae_lab_garden

Action                   |  1- 3 |  4- 6 |  7- 9 | 10-12 | 13-15 | 16-18 || total
-------------------------+-------+-------+-------+-------+-------+-------++-------
Melee: Unarmed           |   140 |   107 |   350 |   439 |   399 |   169 ||  1604
       Trident           |       |       |       |   364 |       |       ||   364
       Spear             |       |       |       |   355 |  1618 |   970 ||  2943
 Cast: Beastly Appendage |    10 |     1 |       |       |       |       ||    11
       Spider Form       |     2 |     9 |    26 |    41 |    14 |       ||    92
       Sticks to Snakes  |       |       |    12 |    27 |    25 |       ||    64
       Ice Form          |       |       |     1 |    10 |    14 |       ||    25
       Blade Hands       |       |       |       |       |     5 |    15 ||    20
       Confusing Touch   |       |       |       |       |       |     5 ||     5
       Blink             |       |       |       |       |       |     2 ||     2
Invok: Lesser Servant of |       |       |       |    35 |    59 |    17 ||   111
       Major Destruction |       |       |       |     1 |     4 |       ||     5
       Greater Servant o |       |       |       |       |     7 |     4 ||    11
Evoke: Wand              |       |     1 |       |     7 |       |     1 ||     9
       Phantom mirror    |       |       |       |       |       |     1 ||     1
  Use: Scroll            |       |       |    12 |    15 |    17 |     8 ||    52
       Potion            |       |       |     1 |     4 |    13 |     8 ||    26
 Stab: Sleeping          |     4 |     2 |     1 |     1 |       |       ||     8
       Confused          |       |     2 |       |       |       |     1 ||     3
       Distracted        |       |       |       |     6 |    18 |     4 ||    28
       Petrified         |       |       |       |       |     1 |       ||     1
  Eat: Chunk             |     4 |     8 |    16 |    46 |    55 |    19 ||   148
       Pizza             |       |       |     2 |       |       |     2 ||     4
       Fruit             |       |       |     1 |       |       |       ||     1
       Meat ration       |       |       |       |     1 |     1 |       ||     2
       Royal jelly       |       |       |       |     1 |     3 |     2 ||     6
       Beef jerky        |       |       |       |     1 |     1 |     3 ||     5
